 Dungeon Crawl Stone Soup version 0.29.1-12-g30fa7ad0bf (webtiles) character file.

Game seed: 6007354333548216456

280 mopl the Sneak (level 6, -4/39 HPs)
             Began as an Octopode Brigand on Dec 29, 2022.
             Slain by an orc
             ... wielding a +0 flail
              (10 damage)
             ... on level 4 of the Dungeon.
             The game lasted 00:03:14 (2432 turns).

mopl the Sneak (Octopode Brigand)                   Turns: 2432, Time: 00:03:14

Health: -4/39      AC:  1    Str: 10    XL:     6   Next: 27%
Magic:  6/6        EV: 13    Int: 16    God:
Gold:   109        SH:  0    Dex: 13    Spells: 3/6 levels left

rFire   . . .      SeeInvis .   a - +2 dagger
rCold   . . .      Faith    .   (no shield)
rNeg    . . .      Spirit   .   (helmet restricted)
rPois   .          Reflect  .   (no amulet)
rElec   .          Harm     .   g - ring of resist corrosion
rCorr   +          Rampage  .   (no ring)
Will    .....                   (no ring)
Stlth   ++++......              (no ring)
HPRegen 0.13/turn               (no ring)
MPRegen 0.10/turn               (no ring)
                                (no ring)
                                (no ring)

@: no status effects
A: almost no armour, amphibious, 8 rings, camouflage 1, gelatinous body 1,
(nimble swimmer 1), tentacles
a: no special abilities


You were on level 4 of the Dungeon.
You visited 1 branch of the dungeon, and saw 4 of its levels.

You collected 109 gold pieces.

Inventory:

Hand Weapons
 a - a +2 dagger (weapon)
Missiles
 b - 17 poisoned darts (quivered)
 c - 6 curare-tipped darts
Jewellery
 g - a ring of resist corrosion (left tentacle)
 i - a ring of fire
Wands
 q - a wand of iceblast (11)
Scrolls
 e - 2 scrolls of noise {unknown}
 f - a scroll of vulnerability {unknown}
 j - a scroll of amnesia {unknown}
 l - 3 scrolls of identify {unknown}
 m - a scroll of teleportation {unknown}
 n - a scroll of magic mapping {unknown}
Potions
 d - 2 potions of curing {unknown}
 h - a potion of flight {unknown}
 k - a potion of berserk rage {unknown}
 o - a potion of brilliance {unknown}
 p - a potion of ambrosia {unknown}
 r - a potion of mutation {unknown}


   Skills:
 - Level 2.0 Fighting
 + Level 3.3 Short Blades
 + Level 3.3 Throwing
 + Level 2.9 Dodging
 + Level 6.6 Stealth
 + Level 0.6 Spellcasting
 + Level 0.7 Conjurations
 + Level 0.7 Air Magic
 + Level 1.0 Poison Magic


You had 3 spell levels left.
You knew the following spells:

 Your Spells              Type           Power      Damage    Failure   Level
c - Mephitic Cloud        Conj/Pois/Air  3%         N/A       45%         3

Your spell library contained the following spells:

 Spells                   Type           Power      Damage    Failure   Level
 Magic Dart               Conj           12%        1d3       17%         1
 Call Imp                 Summ           0%         N/A       36%         2


Dungeon Overview and Level Annotations

Branches:
Dungeon (4/15)
 Temple: D:4-7

Altars:

Annotations:
D:3 1 runed translucent door, Discosetron's ghost, amateur SpHu
D:4 Menkaure


Innate Abilities, Weirdness & Mutations

You cannot wear most types of armour.
You are amphibious.
You can wear up to eight rings at the same time.
Your skin changes colour to match your surroundings (Stealth+).
Your rubbery body absorbs attacks. (AC +1, EV +1)
((You are camouflaged when in or above water. (Stealth+)))
You have tentacles for arms and can constrict up to eight enemies at once.


Message History

There is a stone staircase leading up here.
r - a murky inky potion
Found a hammer.
Found a runed translucent door.
You open the door.
There is an open translucent door here.
You hear the slow hiss of an avalanche of sand nearby.
The helpless Crazy Yiuf fails to defend himself.
You impale Crazy Yiuf!!
You kill Crazy Yiuf!
You have reached level 6!
Things that are here:
a +2 quarterstaff of chaos; a +0 cloak; the gnoll corpse of Crazy Yiuf
There is an open translucent door here.
A dart slug comes into view.
An endoplasm, an orc wizard and an orc come into view.
The helpless orc priest fails to defend itself.
You skewer the orc priest like a kebab!!!
You kill the orc priest!
Your Poison Magic skill increases to level 1!
The orc wizard shouts!
The endoplasm quivers.
The orc shouts!
You hit the orc wizard. Your grab misses the orc wizard.
You squeeze the orc wizard!
The orc wizard is heavily wounded.
The orc wizard closely misses you. The orc hits you with a +0 flail.
You hit the orc wizard. You grab the orc wizard.
The orc wizard is severely wounded.
You constrict the orc wizard. You hit the orc wizard.
The orc wizard is almost dead.
You constrict the orc wizard.
The orc wizard gestures at you while chanting.
The puff of flame hits you!
* * * LOW HITPOINT WARNING * * *
The orc completely misses you.
You hit the orc wizard.
You kill the orc wizard!
The orc hits you with a +0 flail!
You die...

#)..'.♣♣♣♣.............#
#...#♣..♣..............#
#####♣♣♣.♣....#........#
♣♣♣♣♣##.......###
#....<...# #######
#........# .......
##.#..........
#....o##.......#....#
#...)@.......##...##
#....J)....).## ..##
#..........##.# ...
##.........#...# ..
####...#..# .w. #.......
... .#.......
#.#....####


You could see an orc and an endoplasm.

Vanquished Creatures
  A phantom (D:4)
  A necrophage (D:4)
  Crazy Yiuf (D:4)
  An orc priest (D:4)
  An orc wizard (D:4)
  3 adders
  2 worms (D:2)
  2 dart slugs (D:3)
  An orc (D:4)
  4 ball pythons
  9 bats
  An endoplasm (D:3)
  4 giant cockroaches
  5 goblins
  6 hobgoblins
  3 kobolds
  2 quokkas (D:2)
  A frilled lizard (D:3)
  4 rats
52 creatures vanquished.

Vanquished Creatures (others)
  14 plants (D:2)
14 creatures vanquished.

Grand Total: 66 creatures vanquished

Notes
Turn   | Place    | Note
-------+----------+-------------------------------------------
     0 | D:1      | mopl the Octopode Brigand began the quest for the Orb.
     0 | D:1      | Reached XP level 1. HP: 14/14 MP: 1/1
    70 | D:1      | Found a faded altar of an unknown god.
    75 | D:1      | Reached XP level 2. HP: 12/19 MP: 2/2
   853 | D:2      | Reached XP level 3. HP: 24/24 MP: 3/3
  1186 | D:3      | Reached skill level 6 in Stealth
  1189 | D:3      | Reached skill level 2 in Dodging
  1279 | D:3      | Reached XP level 4. HP: 29/29 MP: 4/4
  1733 | D:3      | Found a runed translucent door.
  1734 | D:3      | Noticed Discosetron's ghost (amateur SpHu)
  2303 | D:4      | Noticed a phantom
  2303 | D:4      | Noticed a necrophage
  2307 | D:4      | Killed a phantom
  2308 | D:4      | Reached skill level 3 in Short Blades
  2308 | D:4      | Reached skill level 3 in Throwing
  2308 | D:4      | Reached XP level 5. HP: 34/34 MP: 5/5
  2313 | D:4      | Learned a level 3 spell: Mephitic Cloud
  2349 | D:4      | Noticed Menkaure
  2399 | D:4      | Found a runed translucent door.
  2400 | D:4      | Noticed Crazy Yiuf
  2407 | D:4      | Killed Crazy Yiuf
  2408 | D:4      | Reached XP level 6. HP: 14/39 MP: 6/6
  2428 | D:4      | Reached skill level 1 in Poison Magic
  2432 | D:4      | Slain by an orc

Illustrated notes

Levels and vault maps discovered:
D:1:      co_arrival_random_square_maze, layout_rooms,
          shapermc_ecumenical_altar_starsandcircs
D:2:      layout_rooms, serial_bayou_pond_c
D:3:      layout_basic, gammafunk_ghost_grave
D:4:      layout_cave_pools, minmay_temple_entry_waves,
          chequers_ossuary_entry_cave, uniq_menkaure, uniq_crazy_yiuf_cottage

Skill      XL: |  1  2  3  4  5  6 |
---------------+-------------------+-----
Stealth        | 6 |  6.6
Dodging        | 2 |  2.9
Short Blades   | 3 |  3.3
Throwing       | 3 |  3.3
Poison Magic   | 1 |  1.0
Fighting       | |  2.0
Spellcasting   | |  0.6
Conjurations   | |  0.7
Air Magic      | |  0.7

Action                   |  1- 3 |  4- 6 || total
-------------------------+-------+-------++-------
Melee: Dagger            |    55 |    41 ||    96
       Constrict         |    13 |     7 ||    20
       Tentacles         |     9 |     8 ||    17
       Punch             |     1 |       ||     1
Throw: Dart              |       |     2 ||     2
 Stab: Sleeping          |    14 |     9 ||    23
       Distracted        |     1 |       ||     1
Armor: Skin              |     6 |     1 ||     7
Dodge: Dodged            |    25 |    15 ||    40
